 Dungeon Crawl Stone Soup version 0.29.1-15-g9cfb28693d (webtiles) character file.

Game seed: 6450916155519715127

536 Mysteryquy the Cudgeller (level 7, -1/55 HPs)
             Began as a Demonspawn Fighter on May 2, 2023.
             Succumbed to a water moccasin's poison
             ... on level 5 of the Dungeon.
             The game lasted 00:04:55 (4025 turns).

Mysteryquy the Cudgeller (Demonspawn Fighter)       Turns: 4025, Time: 00:04:56

Health: -1/55      AC: 11    Str: 18    XL:     7   Next: 4%
Magic:  7/7        EV:  9    Int:  9    God:
Gold:   142        SH:  9    Dex: 13    Spells: 6/6 levels left

rFire   . . .      SeeInvis .   a - +0 flail
rCold   + . .      Faith    .   c - +0 buckler
rNeg    . . .      Spirit   .   h - +0 scale mail {rC+}
rPois   .          Reflect  .   (no helmet)
rElec   .          Harm     .   (no cloak)
rCorr   .          Rampage  .   e - +0 pair of gloves
Will    .....                   (no boots)
Stlth   ..........              (no amulet)
HPRegen 0.18/turn               (no ring)
MPRegen 0.10/turn               (no ring)

@: lethally poisoned (-1 -> -7)
A: yellow scales 2, condensation shield, weakness stinger 1
a: no special abilities


You were on level 5 of the Dungeon.
You visited 1 branch of the dungeon, and saw 5 of its levels.

You collected 142 gold pieces.

Inventory:

Hand Weapons
 a - a +0 flail (weapon)
Armour
 b - a +0 scale mail
 c - a +0 buckler (worn)
 e - a +0 pair of gloves (worn)
 h - a +0 scale mail of cold resistance (worn)
Wands
 i - a wand of roots (5)
Scrolls
 d - 2 scrolls of teleportation {unknown}
 f - 2 scrolls of immolation {unknown}
 j - a scroll of summoning {unknown}
 l - a scroll of enchant armour {unknown}
 n - a scroll of enchant weapon {unknown}
 q - a scroll of blinking {unknown}
 r - a scroll of noise {unknown}
Potions
 g - a potion of lignification
 k - a potion of cancellation
 m - a potion of flight {unknown}
 o - a potion of brilliance {unknown}
 p - 2 potions of heal wounds {unknown}
 s - a potion of ambrosia {unknown}


   Skills:
 + Level 4.3 Fighting
 + Level 4.8 Maces & Flails
 + Level 3.7 Armour
 + Level 1.6 Dodging
 + Level 0.2 Stealth
 + Level 3.5 Shields


You had 6 spell levels left.
You didn't know any spells.
Your spell library contained the following spells:

 Spells                   Type           Power      Damage    Failure   Level
 Apportation              Tloc           0%         N/A       86%         1
 Sandblast                Erth           0%         2d4       86%         1
 Passwall                 Tmut/Erth      0%         N/A       94%         2
 Stone Arrow              Conj/Erth      0%         3d7       99%         3
 Alistair's Intoxication  Tmut/Pois      0%         N/A       100%        5


Dungeon Overview and Level Annotations

Branches:
Dungeon (5/15)
 Temple: D:4-7

Altars:

Annotations:
D:4 2 transporters


Innate Abilities, Weirdness & Mutations

You are mostly covered in yellow scales. (AC +3)
A meltable shield of frost defends you. (SH +4)
You have a small tail.


Message History

You feel sick.
The water moccasin bites you but does no damage.
You closely miss the water moccasin. You tail-slap the water moccasin.
The water moccasin is almost dead.
You feel sick. The water moccasin bites you.
You are more poisoned.
The water moccasin poisons you! The water moccasin closely misses you.
You miss the water moccasin.
Your tail-slap misses the water moccasin.
The water moccasin is almost dead.
* * * LOW HITPOINT WARNING * * *
You feel very sick.
You block the water moccasin's attack. x2
You barely miss the water moccasin.
The water moccasin is almost dead.
* * * LOW HITPOINT WARNING * * *
You feel very sick.
The water moccasin bites you but does no damage.
You miss the water moccasin.
The water moccasin is almost dead.
* * * LOW HITPOINT WARNING * * *
You feel very sick.
The water moccasin bites you but does no damage.
The water moccasin bites you!
* * * LOW HITPOINT WARNING * * *
It was a potion of lignification.
You turn into a tree.
Your +0 pair of gloves melds into your body.
Your +0 scale mail of cold resistance melds into your body.
You feel less resistant to cold.
Your roots penetrate the ground.
* * * LOW HITPOINT WARNING * * *
You feel sick.
The water moccasin bites you but does no damage.
It was a potion of cancellation.
Your magical effects are unravelling.
You feel magically purged.
You feel less wooden.
Your +0 pair of gloves unmelds from your body.
Your +0 scale mail of cold resistance unmelds from your body.
You feel resistant to cold.
You die...

. .# .#.#
...# #..#
#..# #.. #S#
#@# #.# #.#
#.#
.##########.#
............#
.........####
.#######.#
#.#


You could see a water moccasin.

Vanquished Creatures
  A necrophage (D:4)
  A scorpion (D:4)
  3 jellies
  An orc priest (D:2)
  3 orc wizards
  Robin (D:2)
  3 gnolls (D:4)
  5 adders
  3 worms
  4 dart slugs
  14 orcs
  5 ball pythons
  9 endoplasms
  3 giant cockroaches
  18 goblins
  10 hobgoblins
  10 jackals
  5 kobolds
  3 quokkas
  9 bats
  3 rats
114 creatures vanquished.

Notes
Turn   | Place    | Note
-------+----------+-------------------------------------------
     0 | D:1      | Mysteryquy the Demonspawn Fighter began the quest for the
                  | Orb.
     0 | D:1      | Reached XP level 1. HP: 18/18 MP: 1/1
   124 | D:1      | Gained mutation: You are partially covered in yellow
                  | scales. (AC +2) [demonic ancestry]
   124 | D:1      | Reached XP level 2. HP: 23/24 MP: 2/2
   375 | D:1      | Gained mutation: You have a small tail. [demonic ancestry]
   375 | D:1      | Reached XP level 3. HP: 27/29 MP: 3/3
  1247 | D:2      | Found a faded altar of an unknown god.
  1334 | D:2      | Gained mutation: A meltable shield of frost defends you.
                  | (SH +4) [demonic ancestry]
  1334 | D:2      | Reached XP level 4. HP: 36/37 MP: 4/4
  1359 | D:2      | Noticed Robin
  1364 | D:2      | Killed Robin
  2077 | D:2      | Reached XP level 5. HP: 42/42 MP: 5/5
  2083 | D:2      | Reached skill level 1 in Dodging
  2608 | D:3      | Identified the +6 spear of Tastoe {chaos, rPois rF+ Str+3
                  | Int+4}
  2813 | D:3      | Reached XP level 6. HP: 47/48 MP: 6/6
  3079 | D:4      | Found a transporter.
  3084 | D:4      | Found the +8 demon trident "Rift" {distort, reach+}
  3090 | D:4      | Noticed a small abomination
  3377 | D:4      | Found a transporter.
  3970 | D:5      | Entered Level 5 of the Dungeon
  3992 | D:5      | Gained mutation: You are mostly covered in yellow scales.
                  | (AC +3) [demonic ancestry]
  3992 | D:5      | Reached XP level 7. HP: 52/55 MP: 7/7
  4023 | D:5      | HP: 1/55 [water moccasin (8)]
  4025 | D:5      | Succumbed to a water moccasin's poison

Illustrated notes

Levels and vault maps discovered:
D:1:      tarquinn_simple_flora_water_b, layout_basic, serial_forest,
          infiniplex_forest_straight_4, infiniplex_forest_clump_medium,
          infiniplex_forest_straight_2, infiniplex_forest_clump_small
D:2:      layout_loops_ring, shapermc_ecumenical_altar_totnotflames,
          minmay_octomino_j4, uniq_robin
D:3:      layout_rooms, serial_corexii_hall, corexii_hall_statues_l,
          corexii_hall_statues_i
D:4:      layout_basic, gammafunk_ghost_abyssal_escape
D:5:      layout_loops_ring, minmay_temple_entry_trees,
          hangedman_abyss_or_decor_passed

Skill      XL: |  1  2  3  4  5 |
---------------+----------------+-----
Maces & Flails | 2 3 4 |  4.8
Armour         | 3 |  3.7
Shields        | 3 |  3.5
Fighting       | 4 |  4.3
Dodging        | 1 |  1.6
Stealth        | |  0.2

Action                   |  1- 3 |  4- 6 |  7- 9 || total
-------------------------+-------+-------+-------++-------
Melee: Flail             |   105 |   222 |    14 ||   341
       Tailslap          |     4 |    37 |     2 ||    43
  Use: Potion            |       |     1 |     2 ||     3
Armor: Scale mail        |    60 |    66 |    10 ||   136
       Skin              |       |       |     1 ||     1
Dodge: Dodged            |    57 |    68 |     3 ||   128
Block: Buckler           |    32 |   100 |     6 ||   138
